 Dungeon Crawl Stone Soup version 0.30-a0-371-gad7725a93e (webtiles) character file.

Game seed: 16540001615282387431

118 oldriver the Magician (level 4, -9/35 HPs)
             Began as a Mummy Necromancer on Nov 20, 2022.
             Mangled by Grinder (10 damage)
             ... on level 3 of the Dungeon.
             The game lasted 00:02:22 (1981 turns).

oldriver the Magician (Mummy Necromancer)           Turns: 1981, Time: 00:02:23

Health: -9/35      AC:  2    Str: 11    XL:     4   Next: 72%
Magic:  10/10      EV: 12    Int: 22    God:
Gold:   114        SH:  0    Dex: 12    Spells: 11/12 levels left

rFire   x . .      SeeInvis .    c - +1 falchion (flame)
rCold   + . .      Faith    +    (no shield)
rNeg    + + +      Spirit   .    a - +0 robe
rPois   ∞          Reflect  .    (no helmet)
rElec   .          Harm     .    (no cloak)
rCorr   .          Rampage  .    (no gloves)
Will    .....                    (no boots)
Stlth   ++........               (no amulet)
HPRegen 0.25/turn                b - +6 ring of intelligence
MPRegen 0.12/turn                (no ring)

@: no status effects
A: cold resistance 1, negative energy resistance 3, torment resistance 2, heat
vulnerability 1, in touch with death 1, no potions, faith
a: no special abilities


You were on level 3 of the Dungeon.
You visited 1 branch of the dungeon, and saw 3 of its levels.

You collected 114 gold pieces.

Inventory:

Hand Weapons
 c - a +1 falchion of flaming (weapon)
Armour
 a - a +0 robe (worn)
Jewellery
 b - a +6 ring of intelligence (left hand)
 f - a +6 ring of strength
Wands
 m - a wand of flame (18)
Scrolls
 d - a scroll of noise {unknown}
 e - 3 scrolls of immolation {unknown}
 g - a scroll of poison {unknown}
 h - a scroll of teleportation {unknown}
 i - a scroll of magic mapping {unknown}
 j - a scroll of fear {unknown}
 k - 2 scrolls of identify {unknown}
 l - a scroll of enchant weapon {unknown}


   Skills:
 + Level 3.0 Fighting
 - Level 1.5 Dodging
 - Level 1.5 Stealth
 + Level 4.7 Spellcasting
 - Level 4.0 Necromancy


You had 11 spell levels left.
You knew the following spells:

 Your Spells              Type           Power      Damage    Failure   Level
a - Necrotise             Necr           100%       1d9       1%          1

Your spell library contained the following spells:

 Spells                   Type           Power      Damage    Failure   Level
 Vampiric Draining        Necr           34%        2d8       6%          3
 Ensorcelled Hibernation  Hex/Ice        10%        N/A       16%         2
 Passwall                 Tmut/Erth      4%         N/A       16%         2
 Animate Dead             Necr           34%        N/A       21%         4
 Swiftness                Air            5%         N/A       30%         3
 Agony                    Necr           34%        N/A       50%         5


Dungeon Overview and Level Annotations

Branches:
Dungeon (3/15)

Altars:

Annotations:
D:3 Grinder


Innate Abilities, Weirdness & Mutations

You are immune to poison.
Your flesh is cold resistant. (rC+)
You are immune to negative energy. (rN+++)
You are immune to unholy pain and torment.
You are vulnerable to heat. (rF-)
You are in touch with the powers of death.
You do not drink.
You have a special connection with the divine. (Faith)


Message History

Grinder is moderately wounded.
Grinder gestures at you.
You shrug off the repeated paralysis!
Aiming: Throw Flame
Press: ? - help, Shift-Dir - straight line, f/p - Grinder
Aim: Grinder (moderately wounded, 64% to hit)
The puff of flame hits Grinder.
Grinder is moderately wounded.
Unknown command.
You barely miss Grinder.
Grinder is moderately wounded.
Grinder hits you. Grinder hits you!
You hit Grinder. You burn Grinder.
Grinder is moderately wounded.
Grinder hits you!
You hit Grinder. You burn Grinder.
Grinder is heavily wounded.
Grinder blinks!
You barely miss Grinder.
Grinder is heavily wounded.
Grinder drinks a potion.
Grinder is healed!
Grinder hits you!
* * * LOW HITPOINT WARNING * * *
You closely miss Grinder.
Grinder is lightly wounded.
Grinder hits you.
* * * LOW HITPOINT WARNING * * *
You hit Grinder. You burn Grinder.
Grinder is lightly wounded.
Grinder misses you.
You closely miss Grinder.
Grinder is lightly wounded.
Grinder hits you.
* * * LOW HITPOINT WARNING * * *
You hit Grinder. You burn Grinder.
Grinder is moderately wounded.
Grinder hits you.
* * * LOW HITPOINT WARNING * * *
Grinder says, "You look like you could use a good racking."
Grinder hits you!
You die...

#.#.... #.#....
#.#.#. 5..... #Z...
#.#.# ##.#.#
#####....##########.#
#..............@5...#
#.###...##.########.#
##)###.# #. #.# #.
#.# .. #.# #.##
#.######## #.#
#......... ##.###
#..#######


You could see Grinder.

Vanquished Creatures
  An orc priest (D:3)
  Terence (D:2)
  2 dart slugs (D:2)
  3 orcs (D:3)
  6 ball pythons
  2 bats
  3 endoplasms
  2 giant cockroaches
  3 goblins
  6 hobgoblins
  5 jackals
  2 quokkas
  3 frilled lizards
  3 kobolds (D:1)
  3 rats (D:2)
45 creatures vanquished.

Vanquished Creatures (collateral kills)
  2 endoplasms (D:1)
  A jackal (D:1)
  A kobold (D:1)
4 creatures vanquished.

Vanquished Creatures (others)
  4 plants (D:1)
4 creatures vanquished.

Grand Total: 53 creatures vanquished

Notes
Turn   | Place    | Note
-------+----------+-------------------------------------------
     0 | D:1      | oldriver the Mummy Necromancer began the quest for the Orb.
     0 | D:1      | Reached XP level 1. HP: 13/13 MP: 4/4
    26 | D:1      | Reached skill level 1 in Fighting
    91 | D:1      | Reached XP level 2. HP: 21/21 MP: 4/6
   828 | D:2      | Gained mutation: You are in touch with the powers of death.
                  | [Mummy growth]
   828 | D:2      | Reached XP level 3. HP: 27/27 MP: 5/8
  1185 | D:2      | Noticed Terence
  1190 | D:2      | Killed Terence
  1221 | D:2      | Reached XP level 4. HP: 34/34 MP: 8/10
  1873 | D:3      | Found a faded altar of an unknown god.
  1955 | D:3      | Noticed Grinder
  1967 | D:3      | Paralysed by Grinder for 5 turns
  1981 | D:3      | HP: 1/35 [Grinder (2)]
  1981 | D:3      | Mangled by Grinder

Illustrated notes

Levels and vault maps discovered:
D:1:      lightli_molten_gateway, layout_rooms, serial_bayou_lagoon_b
D:2:      layout_basic, minmay_misc_feat_room, uniq_terence
D:3:      layout_loops_ring, basic_ecumenical_altar, minmay_increasing_density,
          uniq_crazy_yiuf_cottage, uniq_grinder

Skill      XL: |  1  2  3  4 |
---------------+-------------+-----
Spellcasting   | 3 4 |  4.7
Fighting       | 1 2 3 |  3.0
Dodging        | |  1.5
Stealth        | |  1.5
Necromancy     | |  4.0

Action                   |  1- 3 |  4- 6 || total
-------------------------+-------+-------++-------
Melee: Unarmed           |    14 |       ||    14
       Falchion          |     4 |    14 ||    18
 Cast: Necrotise         |    52 |    22 ||    74
Evoke: Wand              |       |     6 ||     6
Armor: Robe              |    12 |       ||    12
Dodge: Dodged            |    37 |     7 ||    44

Table legend: (Time is in decaauts)
 A = Elapsed time spent in this place.
 B = Non-inter-level travel time spent in this place.
 C = Inter-level travel time spent in this place.
 D = Time resting spent in this place.
 E = Time spent auto-exploring this place.
 F = Levels seen in this place.
 G = Mean time per level.
                   A        B        C        D        E       F      G
               +--------+--------+--------+--------+--------+-----+--------+
         Total |   1999 |   1987 |     12 |    117 |   1555 |   3 |  666.3 |
       Dungeon |   1999 |   1987 |     12 |    117 |   1555 |   3 |  666.3 |
               +--------+--------+--------+--------+--------+-----+--------+

Top non-repeatable levels by time:
     D:2: 995 daAuts
     D:1: 761 daAuts
     D:3: 242 daAuts
